 Dungeon Crawl Stone Soup version 0.27-a0-972-gd1521fd518 (webtiles) character file.

Game seed: 9278050450405241616

1278 leviel the Covered (level 8, -7/71 HPs)
             Began as a Minotaur Fighter on Apr 13, 2021.
             Was a Follower of Okawaru.
             Mangled by an orc warrior
             ... wielding a +0 morningstar
              (8 damage)
             ... on level 5 of the Dungeon.
             The game lasted 00:08:07 (4556 turns).

leviel the Covered (Minotaur Fighter)               Turns: 4556, Time: 00:08:08

Health: -7/71      AC: 15    Str: 21    XL:     8   Next: 29%
Magic:  7/7        EV:  7    Int:  4    God:    Okawaru [*.....]
Gold:   199        SH:  0    Dex: 11    Spells: 7/7 levels left

rFire    . . .     SeeInvis .   a - +0 battleaxe
rCold    + . .     Faith    .   (shield currently unavailable)
rNeg     . . .     Spirit   .   k - +0 plate armour
rPois    .         Reflect  .   p - +1 hat
rElec    +         Harm     .   (no cloak)
rCorr    .         Rampage  .   r - +0 pair of gloves
Will     .....                  (no boots)
Stlth    ..........             (no amulet)
HPRegen  0.21/turn              (no ring)
MPRegen  0.10/turn              (no ring)

@: mighty
A: horns 2, retaliatory headbutt, cold resistance 1, dopey 1, electricity
resistance
a: Renounce Religion, Heroism


You were on level 5 of the Dungeon.
You worshipped Okawaru.
Okawaru was aware of your devotion.
You visited 1 branch of the dungeon, and saw 6 of its levels.

You collected 199 gold pieces.

Inventory:

Hand Weapons
 a - a +0 battleaxe (weapon)
Missiles
 e - 7 curare-tipped darts
 h - 3 javelins (quivered)
Armour
 k - a +0 plate armour (worn)
 p - a +1 hat (worn)
 r - a +0 pair of gloves (worn)
Wands
 q - a wand of acid (4)
Scrolls
 d - 3 scrolls of teleportation
 f - a scroll of immolation
 g - a scroll of brand weapon {unknown}
 m - a scroll of silence {unknown}
 n - a scroll of magic mapping {unknown}
 o - 2 scrolls of identify
Potions
 b - a potion of heal wounds {unknown}
 i - 2 potions of mutation
 j - 4 potions of flight


   Skills:
 + Level 6.9 Fighting
 + Level 6.3 Axes
 + Level 0.5 Throwing
 + Level 7.0 Armour
 + Level 4.1 Dodging
 - Level 5.0 Shields
 + Level 0.5 Invocations
 + Level 0.4 Evocations


You had 7 spell levels left.
You didn't know any spells.
Your spell library contained the following spells:

 Spells                   Type           Power      Damage    Failure   Level
 Confusing Touch          Hex            0%         N/A       100%        3
 Gell's Gravitas          Tloc           0%         N/A       100%        3
 Petrify                  Tmut/Erth      0%         N/A       100%        4
 Metabolic Englaciation   Hex/Ice        0%         N/A       100%        5
 Yara's Violent Unravell  Hex/Tmut       0%         3d3       100%        5


Dungeon Overview and Level Annotations

Branches:
Dungeon (6/15)
 Temple: D:4-7

Altars:
Ashenzari
Elyvilon
Fedhas
Gozag
Nemelex Xobeh
Okawaru
Uskayaw
Wu Jian
Yredelemnul
Zin


Innate Abilities, Weirdness & Mutations

You have a pair of horns on your head.
You reflexively headbutt those who attack you in melee.
Your flesh is cold resistant. (rC+)
You are dopey. (Int -2)
You are resistant to electric shocks. (rElec)


Message History

The orc warrior hits you with a +0 morningstar!
Something hits you.
You hit the orc warrior.
The orc warrior is moderately wounded.
You closely miss something.
The orc warrior hits you with a +0 morningstar!
Something hits you but does no damage.
You hit the orc warrior but do no damage.
The orc warrior is moderately wounded.
You closely miss something. The orc warrior closely misses you.
You furiously retaliate!
You headbutt the orc warrior. Something hits you but does no damage.
The orc warrior hits you with a +0 morningstar!
You hear some strange, mumbled words.
Something tries to affect you, but you resist.
There is a stone staircase leading up here.
You climb upwards.
Reactivating autopickup.
There is a stone staircase leading down here.
You are too injured to fight recklessly!
You closely miss the orc warrior. Your headbutt misses the orc warrior.
The orc warrior is moderately wounded.
The orc warrior hits you with a +0 morningstar!
You hit the orc warrior.
You headbutt the orc warrior, but do no damage.
The orc warrior is moderately wounded.
The orc warrior hits you with a +0 morningstar!
* * * LOW HITPOINT WARNING * * *
The orc warrior hits you with a +0 morningstar!
* * * LOW HITPOINT WARNING * * *
You feel better.
The orc warrior hits you with a +0 morningstar.
* * * LOW HITPOINT WARNING * * *
You feel better.
The orc warrior hits you with a +0 morningstar!
* * * LOW HITPOINT WARNING * * *
Unknown command.
You feel very mighty all of a sudden.
The orc warrior hits you with a +0 morningstar!
You die...

......# ##.......##.## ##....
.....## #............# #.....
.....# #............## ##.....
....## ##.............## #......
....# #...............# ##..#...
...## #..............####..###..
..## ##....................####.
..#####.............######...####
#<.##...........@..## ##.....##
#..............o...# ###.....#.##
....###...........## #.......##.#
..####............# ##.......###.
#.## #........#..## #.........###
#..# ###.....##..# #####.##### #
#..# #######...# ### ##.# #####
###


You could see an orc warrior.

Vanquished Creatures
  An ice beast (D:5)
  2 ogres
  A necrophage (D:5)
  2 phantoms
  2 water moccasin skeletons (D:4)
  A centaur zombie (D:5)
  3 hounds
  4 jellies
  Crazy Yiuf (D:2)
  2 centaur skeletons
  Jessica (D:2)
  2 iguanas
  Terence (D:2)
  A scorpion zombie (D:5)
  2 hound skeletons
  3 gnolls (D:4)
  A howler monkey skeleton (D:4)
  7 adders
  A worm (D:2)
  3 dart slugs (D:1)
  8 orcs
  A bat (D:1)
  10 endoplasms
  3 giant cockroaches
  10 hobgoblins
  9 jackals
  4 quokkas
  3 ball pythons
  4 frilled lizards
  10 goblins
  6 kobolds
  6 rats
115 creatures vanquished.

Notes
Turn   | Place    | Note
-------+----------+-------------------------------------------
     0 | D:1      | leviel the Minotaur Fighter began the quest for the Orb.
     0 | D:1      | Reached XP level 1. HP: 19/19 MP: 0/0
    53 | D:1      | Reached XP level 2. HP: 21/27 MP: 1/1
   282 | D:1      | Reached skill level 4 in Armour
   372 | D:1      | Reached XP level 3. HP: 24/33 MP: 2/2
   801 | D:1      | Found a faded altar of an unknown god.
   807 | D:1      | Gained mutation: You are resistant to electric shocks.
                  | (rElec) [potion of mutation]
   807 | D:1      | Gained mutation: You are dopey. (Int -2) [potion of
                  | mutation]
   807 | D:1      | Gained mutation: Your flesh is cold resistant. (rC+)
                  | [potion of mutation]
  1193 | D:2      | Noticed Jessica
  1200 | D:2      | Killed Jessica
  1201 | D:2      | Reached XP level 4. HP: 40/40 MP: 3/3
  1244 | D:2      | Noticed Terence
  1248 | D:2      | Killed Terence
  1426 | D:2      | Reached XP level 5. HP: 43/47 MP: 4/4
  1778 | D:2      | Found a runed translucent door.
  1779 | D:2      | Noticed Crazy Yiuf
  1937 | D:2      | Killed Crazy Yiuf
  2424 | D:3      | Reached skill level 5 in Armour
  2541 | D:3      | Reached skill level 5 in Shields
  2661 | D:4      | Reached skill level 5 in Fighting
  2756 | D:4      | Noticed an ogre
  2756 | D:4      | Noticed a phantom
  2762 | D:4      | Killed an ogre
  2763 | D:4      | Reached skill level 1 in Dodging
  2763 | D:4      | Reached XP level 6. HP: 47/56 MP: 5/5
  3151 | D:4      | Reached skill level 5 in Axes
  3151 | D:4      | Reached XP level 7. HP: 50/62 MP: 6/6
  3317 | D:4      | Found an iron altar of Okawaru.
  3322 | D:4      | Reached skill level 6 in Armour
  3491 | D:4      | Found a hide-covered altar of Uskayaw.
  3496 | D:4      | Found a white marble altar of Elyvilon.
  3498 | D:4      | Found a glowing silver altar of Zin.
  3498 | D:4      | Found a basalt altar of Yredelemnul.
  3498 | D:4      | Found a sparkling altar of Nemelex Xobeh.
  3498 | D:4      | Found an iron altar of Okawaru.
  3499 | D:4      | Found an opulent altar of Gozag.
  3502 | D:4      | Found a broken altar of Ashenzari.
  3503 | D:4      | Found a blossoming altar of Fedhas.
  3504 | D:4      | Found an ornate altar of the Wu Jian Council.
  3507 | D:4      | Became a worshipper of Warmaster Okawaru
  3608 | D:5      | Entered Level 5 of the Dungeon
  4049 | D:5      | Reached XP level 8. HP: 67/71 MP: 7/7
  4467 | D:6      | Reached * piety under Okawaru
  4514 | D:6      | Reached skill level 7 in Armour
  4555 | D:5      | HP: 1/71 [orc warrior/+0 morningstar (11)]
  4556 | D:5      | Mangled by an orc warrior

Illustrated notes

Levels and vault maps discovered:
D:1:      scummos_arrival_checkerplants, layout_loops_ring,
          shapermc_ecumenical_altar_flowoftime, minmay_pentomino_r4
D:2:      layout_basic, grunt_decor_one_mirror, grunt_ministairs_10,
          uniq_crazy_yiuf_cottage, uniq_jessica, uniq_terence
D:3:      layout_loops_ring
D:4:      layout_loops_cross, minitemple, minmay_ruined_shrine
D:5:      layout_cave_pods
D:6:      layout_rooms, st_stairs_11, uniq_duvessa, uniq_eustachio

Skill      XL: |  1  2  3  4  5  6  7  8 |
---------------+-------------------------+-----
Fighting       | 4 5 6 |  6.9
Armour         | 4 5 6 7 |  7.0
Shields        | 4 5 |  5.0
Axes           | 3 4 5 6 |  6.3
Dodging        | 1 2 3 4 |  4.1
Throwing       | |  0.5
Invocations    | |  0.5
Evocations     | |  0.4

Action                   |  1- 3 |  4- 6 |  7- 9 || total
-------------------------+-------+-------+-------++-------
Melee: War axe           |    73 |    80 |       ||   153
       Headbutt          |     7 |    25 |    20 ||    52
       Battleaxe         |       |    40 |    72 ||   112
Throw: Javelin           |       |     6 |       ||     6
  Use: Potion            |     3 |     2 |     6 ||    11
       Scroll            |       |     2 |       ||     2
Armor: Scale mail        |    40 |    16 |       ||    56
       Plate armour      |       |    57 |    68 ||   125
Dodge: Dodged            |    21 |    33 |    46 ||   100
Block: Kite shield       |    47 |    43 |       ||    90

Table legend: (Time is in decaauts)
 A = Elapsed time spent in this place.
 B = Non-inter-level travel time spent in this place.
 C = Inter-level travel time spent in this place.
 D = Time resting spent in this place.
 E = Time spent auto-exploring this place.
 F = Levels seen in this place.
 G = Mean time per level.
                   A        B        C        D        E       F      G
               +--------+--------+--------+--------+--------+-----+--------+
         Total |   4670 |   4478 |    192 |      8 |   3741 |   6 |  778.3 |
       Dungeon |   4670 |   4478 |    192 |      8 |   3741 |   6 |  778.3 |
               +--------+--------+--------+--------+--------+-----+--------+

Top non-repeatable levels by time:
     D:1: 1150 daAuts
     D:4: 962 daAuts
     D:2: 917 daAuts
     D:5: 874 daAuts
     D:3: 672 daAuts
     D:6: 93 daAuts
